AAA
RICHMOND RAMS @ WINSTON-SALEM WARTHOGS
08/29/2059
 
TOP OF THE 1ST
Richmond Rams batting - Pitching for Winston-Salem Warthogs : RHP Clinton Cowan
Pitching: RHP Clinton Cowan
Batting: LHB Jess Hajiev 0-0: Foul Ball, location: 2F
0-1: Ground out 5-3 (Groundball, 5, EV 103.8 MPH)
Batting: LHB Nate Rowell 0-0: Called Strike
0-1: Called Strike
0-2: Ball
1-2: Ball
2-2: Ball
3-2: Strikes out swinging
Batting: LHB Logan Sparks 0-0: Ball
1-0: Ball
2-0: Foul Ball, location: 2F
2-1: Foul Ball, location: 2F
2-2: Foul Ball, location: 2F
2-2: Strikes out swinging, 2-3 out at first.
Top of the 1st over - 0 runs, 0 hits, 0 errors, 0 left on base; Richmond 0 - Winston-Salem 0
BOTTOM OF THE 1ST
Winston-Salem Warthogs batting - Pitching for Richmond Rams : RHP Edmund Clinton
Pitching: RHP Edmund Clinton
Batting: RHB Bryson Brinn 0-0: Swinging Strike
0-1: Ball
1-1: Ball
2-1: SINGLE (Groundball, 56S, EV 98.8 MPH)
Batting: RHB Kyle Patri Pickoff Throw to First - Out! 1-3 CS
0-0: Called Strike
0-1: Ball
1-1: Ball
2-1: Fly out, F9 (Line Drive, 9S, EV 86.2 MPH)
Batting: LHB George Tijhuis 0-0: Ball
1-0: Called Strike
1-1: Hit by Pitch
Batting: LHB Sherman Primes 0-0: SINGLE (Groundball, 13S, EV 68.1 MPH) (infield hit)
George Tijhuis to second
Batting: LHB Sean Castelli 0-0: Ball
1-0: Ball
2-0: Fly out, F7 (Line Drive, 7, EV 90.6 MPH)
Bottom of the 1st over - 0 runs, 2 hits, 0 errors, 2 left on base; Richmond 0 - Winston-Salem 0
TOP OF THE 2ND
Richmond Rams batting - Pitching for Winston-Salem Warthogs : RHP Clinton Cowan
Batting: RHB Joseph Gazdaru 0-0: Ball
1-0: Swinging Strike
1-1: Called Strike
1-2: Ball
2-2: Foul Ball, location: 2F
2-2: Foul Ball, location: 2F
2-2: Strikes out swinging
Batting: LHB Joel Bell 0-0: Swinging Strike
0-1: Foul Ball, location: 2F
0-2: Ball
1-2: Strikes out swinging
Batting: RHB Jeremy Hollabaugh 0-0: Fly out, F8 (Flyball, 78M, EV 86.2 MPH)
Top of the 2nd over - 0 runs, 0 hits, 0 errors, 0 left on base; Richmond 0 - Winston-Salem 0
BOTTOM OF THE 2ND
Winston-Salem Warthogs batting - Pitching for Richmond Rams : RHP Edmund Clinton
Batting: SHB Shaunte Panteleo 0-0: Fly out, F3 (Line Drive, 3, EV 68.8 MPH)
Batting: RHB Devon Abrams 0-0: Ball
1-0: Ball
2-0: Ball
3-0: Called Strike
3-1: Fly out, F9 (Flyball, 8RS, EV 78.8 MPH)
Batting: RHB Casey Suggs 0-0: Called Strike
0-1: Fly out, F8 (Line Drive, 89S, EV 91.9 MPH)
Bottom of the 2nd over - 0 runs, 0 hits, 0 errors, 0 left on base; Richmond 0 - Winston-Salem 0
TOP OF THE 3RD
Richmond Rams batting - Pitching for Winston-Salem Warthogs : RHP Clinton Cowan
Batting: RHB Linton Makepeace 0-0: Ball
1-0: Called Strike
1-1: Foul Ball, location: 2F
1-2: Ball
2-2: SINGLE (Groundball, 56D, EV 111.2 MPH)
Batting: RHB Joey Shelton 0-0: Ball
1-0: Ball
2-0: Called Strike
Linton Makepeace steals 2nd base
2-1: Foul Ball, location: 2F
2-2: Strikes out swinging
Batting: RHB Tommy Dupree 0-0: Ball
1-0: Foul Ball, location: 2F
1-1: Called Strike
1-2: Ball
2-2: Ball
3-2: SINGLE (Groundball, 6S, EV 67.5 MPH) (infield hit)
Linton Makepeace to third
Batting: LHB Jess Hajiev 0-0: Called Strike
0-1: Swinging Strike
0-2: Strikes out swinging
Batting: LHB Nate Rowell 0-0: Reached on error, E6 (Groundball, P, EV 92.5 MPH)
Linton Makepeace scores
Tommy Dupree to third
Batting: LHB Logan Sparks 0-0: Called Strike
0-1: Called Strike
0-2: Strikes out swinging
Top of the 3rd over - 1 run, 2 hits, 1 error, 2 left on base; Richmond 1 - Winston-Salem 0
BOTTOM OF THE 3RD
Winston-Salem Warthogs batting - Pitching for Richmond Rams : RHP Edmund Clinton
Batting: RHB Allen Stoll 0-0: Ball
1-0: Foul Ball, location: 2F
1-1: Ball
2-1: Foul Ball, location: 2F
2-2: SINGLE (Line Drive, 56D, EV 107.5 MPH)
Batting: RHB Bryson Brinn 0-0: Foul Ball, location: 2F
0-1: Fly out, F5 (Popup, 56, EV 65.6 MPH)
Batting: RHB Kyle Patri 0-0: Foul Ball, location: 2F
0-1: Foul Ball, location: 2F
0-2: Strikes out swinging
Batting: LHB George Tijhuis 0-0: Called Strike
0-1: SINGLE (Line Drive, 5D, EV 105.6 MPH)
Allen Stoll to second
Batting: LHB Sherman Primes 0-0: Ball
1-0: Called Strike
1-1: Ground out U3 (Groundball, 3, EV 107.5 MPH)
Bottom of the 3rd over - 0 runs, 2 hits, 0 errors, 2 left on base; Richmond 1 - Winston-Salem 0
TOP OF THE 4TH
Richmond Rams batting - Pitching for Winston-Salem Warthogs : RHP Clinton Cowan
Batting: RHB Joseph Gazdaru 0-0: SOLO HOME RUN (Flyball, 7D, EV 98.1 MPH), Distance : 366 ft
Batting: LHB Joel Bell 0-0: Swinging Strike
0-1: Swinging Strike
0-2: Ball
1-2: DOUBLE (Flyball, 8RXD, EV 107.5 MPH)
Batting: RHB Jeremy Hollabaugh 0-0: Called Strike
0-1: Fly out, F5 (Popup, 5F, EV 75.6 MPH)
Batting: RHB Linton Makepeace 0-0: Ball
1-0: Ball
2-0: Ball
3-0: Base on Balls
Batting: RHB Joey Shelton 0-0: Ball
Joel Bell steals 3rd base
Linton Makepeace to second
1-0: Ball
2-0: Called Strike
2-1: Hit by Pitch
Batting: RHB Tommy Dupree 0-0: Ball
1-0: Foul Ball, location: 2F
1-1: Foul Ball, location: 2F
1-2: Fielders Choice at 2nd, 3-6 (Groundball, 34, EV 101.9 MPH)
Joel Bell scores
Linton Makepeace to third
Batting: LHB Jess Hajiev 0-0: Ball
1-0: Ground out 4-3 (Groundball, 34D, EV 84.4 MPH)
Top of the 4th over - 2 runs, 2 hits, 0 errors, 2 left on base; Richmond 3 - Winston-Salem 0
BOTTOM OF THE 4TH
Winston-Salem Warthogs batting - Pitching for Richmond Rams : RHP Edmund Clinton
Batting: LHB Sean Castelli 0-0: Called Strike
0-1: Fly out, F3 (Line Drive, 3L, EV 69.4 MPH)
Batting: SHB Shaunte Panteleo 0-0: Called Strike
0-1: Ground out 4-3 (Groundball, 4S, EV 85.0 MPH)
Batting: RHB Devon Abrams 0-0: SINGLE (Groundball, 56D, EV 92.5 MPH) (infield hit)
Batting: RHB Casey Suggs 0-0: Ball
1-0: Ball
2-0: Ball
3-0: Ground out U3 (Groundball, 23, EV 85.0 MPH)
Bottom of the 4th over - 0 runs, 1 hit, 0 errors, 1 left on base; Richmond 3 - Winston-Salem 0
TOP OF THE 5TH
Richmond Rams batting - Pitching for Winston-Salem Warthogs : RHP Clinton Cowan
Batting: LHB Nate Rowell 0-0: Ball
1-0: Called Strike
1-1: Called Strike
1-2: Strikes out looking
Batting: LHB Logan Sparks 0-0: Ball
1-0: Ground out 3-1 (Groundball, 34, EV 81.9 MPH)
Batting: RHB Joseph Gazdaru 0-0: Ball
1-0: Ball
2-0: Called Strike
2-1: Foul Ball, location: 2F
2-2: Ball
3-2: SINGLE (Flyball, 8RS, EV 93.1 MPH)
Batting: LHB Joel Bell 0-0: Called Strike
0-1: Ball
1-1: Swinging Strike
1-2: Ball
2-2: Strikes out swinging
Top of the 5th over - 0 runs, 1 hit, 0 errors, 1 left on base; Richmond 3 - Winston-Salem 0
BOTTOM OF THE 5TH
Winston-Salem Warthogs batting - Pitching for Richmond Rams : RHP Edmund Clinton
Batting: RHB Allen Stoll 0-0: Swinging Strike
0-1: Ball
1-1: Foul Ball, location: 2F
1-2: Ball
2-2: Foul Ball, location: 2F
2-2: Fly out, F5 (Line Drive, 5, EV 71.9 MPH)
Batting: RHB Bryson Brinn 0-0: Called Strike
0-1: Foul Ball, location: 2F
0-2: Foul Ball, location: 2F
0-2: Foul Ball, location: 2F
0-2: Foul Ball, location: 2F
0-2: Strikes out looking
Batting: RHB Kyle Patri 0-0: Ball
1-0: Called Strike
1-1: Ball
2-1: Swinging Strike
2-2: Strikes out swinging
Bottom of the 5th over - 0 runs, 0 hits, 0 errors, 0 left on base; Richmond 3 - Winston-Salem 0
TOP OF THE 6TH
Richmond Rams batting - Pitching for Winston-Salem Warthogs : RHP Clinton Cowan
Batting: RHB Jeremy Hollabaugh 0-0: Called Strike
0-1: Ball
1-1: SINGLE (Groundball, 6MS, EV 66.9 MPH) (infield hit)
Batting: RHB Linton Makepeace 0-0: Ball
1-0: Called Strike
1-1: SINGLE (Line Drive, 3D, EV 98.8 MPH)
Jeremy Hollabaugh to second
Runner from 2nd tries for 3rd, SAFE, no throw by RF
Batting: RHB Joey Shelton 0-0: Called Strike
Linton Makepeace steals 2nd base
0-1: Foul Ball, location: 2F
0-2: Ball
1-2: Strikes out swinging
Batting: RHB Tommy Dupree 0-0: Swinging Strike
0-1: Ball
1-1: Foul Ball, location: 2F
1-2: Ball
2-2: Strikes out swinging
Batting: LHB Jess Hajiev 0-0: Called Strike
0-1: Swinging Strike
0-2: Ball
1-2: Ball
2-2: Strikes out swinging
Top of the 6th over - 0 runs, 2 hits, 0 errors, 2 left on base; Richmond 3 - Winston-Salem 0
BOTTOM OF THE 6TH
Winston-Salem Warthogs batting - Pitching for Richmond Rams : RHP Edmund Clinton
Batting: LHB George Tijhuis 0-0: DOUBLE (Groundball, 3L, EV 100.6 MPH)
Batting: LHB Sherman Primes 0-0: Called Strike
0-1: Ball
1-1: Called Strike
1-2: Ball
2-2: Foul Ball, location: 2F
2-2: Ball
3-2: Ground out 4-3 (Groundball, 4M, EV 87.5 MPH)
George Tijhuis to third
Pitching: RHP Grant Hall
Batting: LHB Sean Castelli 0-0: Swinging Strike
0-1: Swinging Strike
0-2: Strikes out swinging
Batting: SHB Shaunte Panteleo 0-0: Called Strike
0-1: Hit by Pitch
Batting: RHB Devon Abrams 0-0: Ball
1-0: Ball
2-0: Called Strike
2-1: Foul Ball, location: 2F
2-2: Strikes out swinging
Bottom of the 6th over - 0 runs, 1 hit, 0 errors, 2 left on base; Richmond 3 - Winston-Salem 0
TOP OF THE 7TH
Richmond Rams batting - Pitching for Winston-Salem Warthogs : RHP Clinton Cowan
Pitching: RHP Tigh Dobroski
Batting: LHB Nate Rowell 0-0: Called Strike
0-1: Fly out, F5 (Popup, 5F, EV 68.8 MPH)
Batting: LHB Logan Sparks 0-0: Foul Ball, location: 2F
0-1: Ball
1-1: Ball
2-1: Ball
3-1: Base on Balls
Batting: RHB Joseph Gazdaru 0-0: Ball
1-0: Grounds into double play, 5-4-3 (Groundball, 56S, EV 83.1 MPH)
Top of the 7th over - 0 runs, 0 hits, 0 errors, 0 left on base; Richmond 3 - Winston-Salem 0
BOTTOM OF THE 7TH
Winston-Salem Warthogs batting - Pitching for Richmond Rams : RHP Grant Hall
Batting: RHB Casey Suggs 0-0: Ball
1-0: Ball
2-0: Called Strike
2-1: Ground out 6-3 (Groundball, 6, EV 81.2 MPH)
Batting: RHB Allen Stoll 0-0: Called Strike
0-1: Called Strike
0-2: Ball
1-2: Ball
2-2: Ground out 4-3 (Groundball, 4, EV 86.2 MPH)
Batting: RHB Bryson Brinn 0-0: Ball
1-0: Fly out, F7 (Flyball, 7D, EV 75.0 MPH)
Bottom of the 7th over - 0 runs, 0 hits, 0 errors, 0 left on base; Richmond 3 - Winston-Salem 0
TOP OF THE 8TH
Richmond Rams batting - Pitching for Winston-Salem Warthogs : RHP Tigh Dobroski
Batting: LHB Joel Bell 0-0: Ball
1-0: Ball
2-0: Swinging Strike
2-1: Foul Ball, location: 2F
2-2: DOUBLE (Groundball, 3L, EV 111.2 MPH)
Batting: RHB Jeremy Hollabaugh 0-0: Ball
1-0: SINGLE (Groundball, 3D, EV 97.5 MPH)
Joel Bell to third
Batting: RHB Linton Makepeace 0-0: DOUBLE (Line Drive, 78D, EV 111.2 MPH)
Joel Bell scores
Jeremy Hollabaugh to third
Batting: RHB Joey Shelton 0-0: Ball
1-0: Ball
2-0: Foul Ball, location: 2F
2-1: Ball
3-1: Foul Ball, location: 2F
3-2: 3-RUN HOME RUN (Flyball, 7D, EV 100.6 MPH), Distance : 376 ft
Batting: RHB Tommy Dupree 0-0: Foul Ball, location: 2F
0-1: Ball
1-1: Ball
2-1: Fly out, F3 (Popup, 3F, EV 63.1 MPH)
Batting: LHB Jess Hajiev 0-0: Ball
1-0: Ball
2-0: Ball
3-0: Base on Balls
Batting: LHB Nate Rowell 0-0: Called Strike
0-1: Foul Ball, location: 2F
0-2: Foul Ball, location: 2F
0-2: Fly out, F8 (Flyball, 8LS, EV 86.2 MPH)
Batting: LHB Logan Sparks 0-0: Foul Ball, location: 2F
0-1: Foul Ball, location: 2F
0-2: Foul Ball, location: 2F
0-2: Ball
1-2: Ball
2-2: Strikes out swinging passed ball, reaches first!
Jess Hajiev to second
Batting: RHB Joseph Gazdaru 0-0: Called Strike
0-1: Ball
1-1: Foul Ball, location: 2F
1-2: DOUBLE (Flyball, 89XD, EV 104.4 MPH)
Jess Hajiev scores
Logan Sparks to third
Runner from 3rd tries for Home, SAFE, throw by CF to home
Pitching: RHP Denard Weatherby
Batting: LHB Joel Bell 0-0: Ball
1-0: Ground out 4-3 (Groundball, 4, EV 77.5 MPH)
Top of the 8th over - 6 runs, 5 hits, 0 errors, 1 left on base; Richmond 9 - Winston-Salem 0
BOTTOM OF THE 8TH
Winston-Salem Warthogs batting - Pitching for Richmond Rams : RHP Grant Hall
Batting: RHB Kyle Patri 0-0: Ball
1-0: Ball
2-0: Ball
3-0: Called Strike
3-1: Foul Ball, location: 2F
3-2: Base on Balls
Batting: LHB George Tijhuis 0-0: Foul Ball, location: 2F
0-1: Ball
1-1: Ball
2-1: Foul Ball, location: 2F
2-2: Ball
3-2: Base on Balls
Kyle Patri to second
Pitching: RHP Cole Carroll
Batting: LHB Sherman Primes 0-0: Ball
1-0: Called Strike
1-1: Ball
2-1: Called Strike
2-2: Strikes out swinging
Batting: LHB Sean Castelli 0-0: Ball
1-0: Ball
2-0: Ball
3-0: Base on Balls
Kyle Patri to third
George Tijhuis to second
Batting: SHB Shaunte Panteleo 0-0: Called Strike
0-1: Foul Ball, location: 2F
0-2: Strikes out swinging
Batting: RHB Devon Abrams 0-0: Swinging Strike
0-1: Swinging Strike
0-2: Fly out, F8 (Flyball, 8RD, EV 78.1 MPH)
Bottom of the 8th over - 0 runs, 0 hits, 0 errors, 3 left on base; Richmond 9 - Winston-Salem 0
TOP OF THE 9TH
Richmond Rams batting - Pitching for Winston-Salem Warthogs : RHP Denard Weatherby
Batting: RHB Jeremy Hollabaugh 0-0: Ball
1-0: Ball
2-0: Ball
3-0: Called Strike
3-1: Foul Ball, location: 2F
3-2: DOUBLE (Groundball, 5L, EV 104.4 MPH)
Batting: RHB Linton Makepeace 0-0: Called Strike
0-1: DOUBLE (Line Drive, 9LS, EV 107.5 MPH)
Jeremy Hollabaugh scores
Batting: RHB Joey Shelton 0-0: Foul Ball, location: 2F
0-1: Ball
1-1: Ball
2-1: Called Strike
2-2: Strikes out looking
Batting: RHB Tommy Dupree 0-0: Foul Ball, location: 2F
0-1: Foul Ball, location: 2F
0-2: Ball
1-2: Ball
2-2: Strikes out swinging
Batting: LHB Jess Hajiev 0-0: Called Strike
0-1: Called Strike
0-2: Foul Ball, location: 2F
0-2: Ball
1-2: SINGLE (Groundball, 6S, EV 69.4 MPH) (infield hit)
Linton Makepeace to third
Batting: LHB Nate Rowell 0-0: Ball
1-0: Foul Ball, location: 2F
1-1: Foul Ball, location: 2F
1-2: Foul Ball, location: 2F
1-2: Strikes out looking
Top of the 9th over - 1 run, 3 hits, 0 errors, 2 left on base; Richmond 10 - Winston-Salem 0
BOTTOM OF THE 9TH
Winston-Salem Warthogs batting - Pitching for Richmond Rams : RHP Cole Carroll
Batting: RHB Casey Suggs 0-0: Swinging Strike
0-1: Foul Ball, location: 2F
0-2: Ball
1-2: Ball
2-2: Foul Ball, location: 2F
2-2: Strikes out swinging
Batting: RHB Allen Stoll 0-0: Ball
1-0: Ground out 6-3 (Groundball, 6, EV 77.5 MPH)
Batting: RHB Bryson Brinn 0-0: Called Strike
0-1: Foul Ball, location: 2F
0-2: Ball
1-2: Ball
2-2: SINGLE (Groundball, 6D, EV 108.1 MPH)
Batting: RHB Kyle Patri 0-0: Ball
1-0: Called Strike
1-1: Fly out, F7 (Flyball, 7LS, EV 87.5 MPH)
Bottom of the 9th over - 0 runs, 1 hit, 0 errors, 1 left on base; Richmond 10 - Winston-Salem 0
Wednesday, March 27th , 2024 - OOTP Baseball 23.10 Build 110